 Dungeon Crawl Stone Soup version 0.22.1-2-g9c5b331 (webtiles) character file.

15409 whitewolfNL the Cleaver (level 12, -6/101 HPs)
             Began as a Minotaur Berserker on Nov 28, 2018.
             Was a High Priest of Trog.
             Mangled by Frances
             ... wielding a +5 dire flail of holy wrath
              (18 damage)
             ... on level 11 of the Dungeon.
             The game lasted 00:54:24 (10844 turns).

whitewolfNL the Cleaver (Minotaur Berserker)       Turns: 10844, Time: 00:54:28

Health: -6/101     AC: 21    Str: 23    XL:     12   Next: 1%
Magic:  13/13      EV: 12    Int:  5    God:    Trog [*****.]
Gold:   563        SH:  6    Dex: 20    Spells: 11/11 levels left

rFire    . . .     SeeInvis +   M - +3 broad axe of Ybikufupp {chop, -Tele rPois SInv Stlth+}
rCold    . . .     Gourm    .   i - +0 buckler
rNeg     . . .     Faith    +   V - +0 plate armour
rPois    +         Spirit   .   (helmet restricted)
rElec    .         Reflect  .   d - +2 cloak
rCorr    .         Harm     .   b - +0 pair of gloves {Dex+3}
MR       .....     NoTele   +   s - +0 pair of boots
Stlth    ..........             v - amulet of faith
HPRegen  0.26/turn              a - +4 ring of dexterity
MPRegen  0.13/turn              A - ring of see invisible

@: berserk cooldown, slowed, very slow
A: retaliatory headbutt, horns 2
a: Berserk, Trog's Hand, Brothers in Arms, Renounce Religion


You were on level 11 of the Dungeon.
You worshipped Trog.
Trog was extremely pleased with you.
You were very hungry.

You visited 1 branch of the dungeon, and saw 13 of its levels.

You collected 602 gold pieces.
You spent 39 gold pieces at shops.

Inventory:

Hand Weapons
 y - a +0 hand crossbow
 F - a +0 hunting sling
 M - the +3 broad axe of Ybikufupp (weapon) {chop, -Tele rPois SInv Stlth+}
   (You found it on level 7 of the Dungeon)

   It inflicts extra damage upon your enemies.
   It protects you from poison.
   It lets you see invisible.
   It prevents most forms of teleportation.
   It makes you more stealthy.
 Q - a +3 battleaxe
 R - a +3 mace
 S - a +0 shortbow
Missiles
 f - 320 stones (quivered)
 j - 110 arrows
 q - 167 sling bullets
 r - 106 bolts
 N - 4 exploding tomahawks
Armour
 b - a +0 pair of gloves of dexterity (worn)
 d - a +2 cloak (worn)
 i - a +0 buckler (worn)
 s - a +0 pair of boots (worn)
 V - a +0 plate armour (worn)
Jewellery
 a - a +4 ring of dexterity (left hand)
 u - an uncursed ring of protection from fire
 v - an amulet of faith (around neck)
 A - a ring of see invisible (right hand)
Wands
 C - a wand of digging (11)
 D - a wand of disintegration (14)
 K - a wand of flame (49)
 L - a wand of iceblast (6)
Scrolls
 g - a scroll of random uselessness {unknown}
 l - 4 scrolls of teleportation
 w - 4 scrolls of fog
 x - a scroll of magic mapping {unknown}
 E - a scroll of enchant armour {unknown}
 I - 4 scrolls of enchant weapon {unknown}
 O - a scroll of blinking {unknown}
 P - a scroll of vulnerability {unknown}
 U - a scroll of silence {unknown}
 X - a scroll of remove curse
Potions
 e - 3 potions of haste {unknown}
 h - a potion of ambrosia {unknown}
 k - a potion of resistance
 m - 3 potions of brilliance
 n - 8 potions of curing
 o - 3 potions of flight
 p - a potion of invisibility {unknown}
 t - a potion of agility
 z - 3 potions of heal wounds
 B - a potion of magic {unknown}
 H - 2 potions of might {unknown}
 J - a potion of berserk rage {unknown}
 W - a potion of mutation {unknown}
Comestibles
 c - 19 rations


   Skills:
 + Level 7.7 Fighting
 * Level 13.1(14.3) Axes
 - Level 9.9(12.7) Maces & Flails
 * Level 10.4 Armour
 * Level 7.9 Dodging
 - Level 4.0 Stealth
 - Level 4.0 Shields
 * Level 3.1 Evocations


You had 11 spell levels left.
You didn't know any spells.
Your spell library was empty.

Dungeon Overview and Level Annotations

Branches:
Dungeon (13/15)            Temple (0/1) D:4            Lair (0/6) D:11
 Vaults (0/5) D:13
    Orc: D:9-12

Altars:
Hepliaklqana

Shops:
D:9 }   D:13 *

Annotations:
D:11 Frances


Innate Abilities, Weirdness & Mutations

You reflexively headbutt those who attack you in melee.
You have a pair of horns on your head.


Message History

There is a stone staircase leading down here.
You barely miss Frances. You headbutt Frances, but do no damage.
Frances whispers indecipherable words.
The iron shot hits you!
You slash Frances! You headbutt Frances.
Frances is lightly wounded.
Frances hits you with a dire flail of holy wrath!
You block Frances's attack.
You slice Frances!! You headbutt Frances, but do no damage.
Frances is moderately wounded.
Frances hits you with a dire flail of holy wrath!!
* * * LOW HITPOINT WARNING * * *
Frances closely misses you. You furiously retaliate!
You headbutt Frances.
You feel much better.
Frances chants phrases taken from a devil's mouth.
The iron shot hits you!
* * * LOW HITPOINT WARNING * * *
Frances says, "I have seen worlds and universes beyond all imagining."
Frances hits you with a dire flail of holy wrath!!
You die...

#.### # #.... .# # #....
+##########.# #.####....
............# #.........
............# .........
............# #..##.....
............# #. #...##
#......@@...###..##...##
#.....................##
........................
########################


You could see Frances.

Vanquished Creatures
  6 two-headed ogres
  The ghost of miragecloak the Martial Artist, a novice OpTm of the Shining One (D:9)
  An ugly thing (D:12)
  A deep elf mage (D:13)
  A centaur zombie (D:13)
  A meliai (shapeshifter) (D:13)
  2 trolls (D:13)
  2 hornets
  4 slime creatures (D:12)
  A hippogriff (D:11)
  Sigmund (D:5)
  10 yaks
  2 wyverns
  A vampire (D:13)
  2 wraiths
  Eustachio (D:6)
  A basilisk (D:13)
  A vampire mosquito (D:13)
  2 acid dragons (D:13)
  4 phantoms
  A black bear (D:6)
  3 orc warriors
  2 ice beasts (D:9)
  2 sky beasts
  6 ogres
  A centaur (D:11)
  6 bullfrogs
  A wyvern skeleton (D:6)
  3 scorpions
  11 killer bees
  20 wights
  5 howler monkeys
  8 crimson imps
  A bullfrog zombie (D:9)
  4 hounds
  A quasit (D:10)
  2 jellies (D:8)
  3 orc priests
  A centaur skeleton (D:5)
  10 worker ants
  2 iguanas
  12 orc wizards
  A hound zombie (D:7)
  A worker ant zombie (D:11)
  A howler monkey skeleton (D:11)
  5 adders
  A shadow imp (D:8)
  An ooze (D:3)
  A worm (D:2)
  4 leopard geckos
  32 orcs
  8 giant cockroaches
  4 hobgoblins
  7 jackals (D:2)
  2 quokkas
  3 bats (D:2)
  4 frilled lizards
  8 goblins
  3 kobolds
  2 rats
  2 withered plants (D:9)
240 creatures vanquished.

Notes
Turn   | Place    | Note
-------+----------+-------------------------------------------
     0 | D:1      | whitewolfNL the Minotaur Berserker began the quest for the
                  | Orb.
     0 | D:1      | Reached XP level 1. HP: 19/19 MP: 0/0
     6 | D:1      | Noticed a lindwurm
     6 | D:1      | Noticed a polar bear
     6 | D:1      | Noticed a swamp drake
     8 | D:1      | Noticed an iguana
     8 | D:1      | Noticed a wolf
   397 | D:1      | Reached XP level 2. HP: 27/27 MP: 1/1
  1263 | D:2      | Found a faded altar of an unknown god.
  1420 | D:2      | Reached XP level 3. HP: 33/33 MP: 2/2
  2090 | D:3      | Noticed a phantom
  2115 | D:3      | Killed a phantom
  2115 | D:3      | Reached skill level 5 in Maces & Flails
  2115 | D:3      | Reached skill level 1 in Stealth
  2115 | D:3      | Reached skill level 1 in Shields
  2115 | D:3      | Reached XP level 4. HP: 38/40 MP: 3/3
  2115 | D:3      | Reached XP level 5. HP: 44/46 MP: 4/4
  2623 | D:4      | Reached ** piety under Trog
  2660 | D:4      | Reached XP level 6. HP: 23/52 MP: 5/5
  3275 | D:4      | Found a staircase to the Ecumenical Temple.
  3345 | D:5      | Entered Level 5 of the Dungeon
  3347 | D:5      | Noticed Sigmund
  3361 | D:5      | Killed Sigmund
  3361 | D:5      | Reached XP level 7. HP: 52/59 MP: 6/6
  3809 | D:5      | Reached skill level 5 in Armour
  4245 | D:6      | Reached XP level 8. HP: 60/67 MP: 7/7
  4484 | D:6      | Noticed Eustachio
  4788 | D:6      | Killed Eustachio
  4960 | D:6      | Reached skill level 5 in Fighting
  4969 | D:6      | Reached *** piety under Trog
  5402 | D:7      | Reached XP level 9. HP: 74/74 MP: 8/8
  5434 | D:7      | Got a shimmering broad axe
  5435 | D:7      | Identified the +3 broad axe of Ybikufupp {chop, -Tele rPois
                  | SInv Stlth+} (You found it on level 7 of the Dungeon)
  5548 | D:7      | Reached skill level 1 in Axes
  5548 | D:7      | Reached skill level 5 in Dodging
  5575 | D:7      | Got a black opal-studded ring mail
  5692 | D:7      | Reached skill level 2 in Axes
  6066 | D:8      | Reached skill level 3 in Axes
  6205 | D:8      | Found a hazy altar of Hepliaklqana.
  6432 | D:8      | Reached skill level 4 in Axes
  6433 | D:8      | Reached **** piety under Trog
  6545 | D:8      | Reached skill level 5 in Axes
  6572 | D:8      | Noticed a two-headed ogre
  6578 | D:8      | Killed a two-headed ogre
  6578 | D:8      | Reached skill level 6 in Axes
  6822 | D:9      | Reached XP level 10. HP: 82/82 MP: 9/9
  7015 | D:9      | Reached skill level 7 in Axes
  7177 | D:9      | Found Zixy's Gadget Emporium.
  7235 | D:9      | Identified the cursed +1 ring mail of the Known World
                  | {+Inv} (You found it on level 7 of the Dungeon)
  7440 | D:9      | Found a runed door.
  7444 | D:9      | Noticed miragecloak's ghost (novice OpTm)
  7454 | D:9      | Killed miragecloak's ghost
  7454 | D:9      | Reached skill level 8 in Axes
  7591 | D:10     | Entered Level 10 of the Dungeon
  7754 | D:10     | Reached skill level 9 in Axes
  8813 | D:11     | Found a staircase to the Lair.
  8828 | D:11     | Noticed a two-headed ogre
  8833 | D:11     | Killed a two-headed ogre
  8833 | D:11     | Reached skill level 10 in Axes
  8938 | D:11     | Reached skill level 1 in Evocations
  8938 | D:11     | Reached XP level 11. HP: 89/91 MP: 10/10
  9128 | D:12     | Reached skill level 11 in Axes
  9523 | D:12     | Noticed a brown ugly thing
  9533 | D:12     | Killed a brown ugly thing
  9607 | D:13     | Reached ***** piety under Trog
  9857 | D:13     | Noticed a two-headed ogre
  9864 | D:13     | Killed a two-headed ogre
  9864 | D:13     | Reached skill level 12 in Axes
  9886 | D:13     | Noticed a two-headed ogre
  9892 | D:13     | Killed a two-headed ogre
  9892 | D:13     | Reached skill level 10 in Armour
  9921 | D:13     | Noticed a two-headed ogre
  9934 | D:13     | Killed a two-headed ogre
 10311 | D:13     | Noticed a deep elf mage
 10315 | D:13     | Killed a deep elf mage
 10362 | D:13     | Noticed a two-headed ogre
 10369 | D:13     | Killed a two-headed ogre
 10369 | D:13     | Reached skill level 13 in Axes
 10533 | D:13     | Found a gate to the Vaults.
 10600 | D:13     | Found Nopiotit's General Store.
 10608 | D:13     | Bought a scroll of remove curse for 39 gold pieces
 10641 | D:13     | Noticed a harpy
 10641 | D:13     | a harpy changed into an eye of draining
 10663 | D:13     | Reached XP level 12. HP: 76/101 MP: 13/13
 10836 | D:12     | Noticed Frances
 10836 | D:12     | Noticed a two-headed ogre
 10844 | D:11     | Mangled by Frances

Skill      XL: |  1  2  3  4  5  6  7  8  9 10 11 |
---------------+----------------------------------+-----
Maces & Flails | 4 5 6 8 9 |  9.9
Armour         | 3 4 5 6 8 9 10 | 10.4
Fighting       | 4 5 6 7 |  7.7
Stealth        | 1 2 3 4 |  4.0
Shields        | 1 2 3 4 |  4.0
Dodging        | 3 4 6 7 |  7.9
Axes           | 6 10 13 | 13.1
Evocations     | 1 3 |  3.1

Action                   |  1- 3 |  4- 6 |  7- 9 | 10-12 || total
-------------------------+-------+-------+-------+-------++-------
Melee: Mace              |    73 |       |       |       ||    73
       Headbutt          |    19 |     5 |    51 |    78 ||   153
       Flail             |    22 |       |       |       ||    22
       Morningstar       |    14 |    68 |   189 |       ||   271
       Broad axe         |       |       |    92 |   297 ||   389
Invok: Berserk           |     1 |     1 |    10 |    14 ||    26
Evoke: Wand              |       |       |       |     2 ||     2
  Use: Scroll            |     4 |     1 |     4 |     5 ||    14
       Potion            |       |       |       |     2 ||     2
  Eat: Chunk             |     5 |     5 |    13 |    18 ||    41
       Ration            |       |       |     2 |     2 ||     4
Armor: Plate armour      |    95 |    57 |   225 |   159 ||   536
Dodge: Dodged            |    43 |    19 |   122 |   142 ||   326
Block: Buckler           |    17 |     6 |    72 |    75 ||   170
